 Dungeon Crawl Stone Soup version 0.31-a0-152-g6aa68a64a1 (webtiles) character file.

Game seed: 8481530777110682376

3230 Gargoyl the Cleaver (level 9, -6/57 HPs)
             Began as a Gargoyle Berserker on June 11, 2023.
             Was a Priest of Trog.
             Mangled by an acid dragon (9 damage)
             ... on level 8 of the Dungeon.
             The game lasted 00:09:14 (6349 turns).

Gargoyl the Cleaver (Gargoyle Berserker)            Turns: 6349, Time: 00:09:14

Health: -6/57      AC: 14    Str: 22    XL:     9   Next: 98%
Magic:  9/9        EV:  7    Int:  7    God:    Trog [***...]
Gold:   358        SH:  0    Dex: 13    Spells: 8/8 levels left

rFire   . . .        w - +1 hand axe (venom)
rCold   . . .        (no shield)
rNeg    + . .        s - +0 plate armour
rPois   ∞            i - +0 helmet
rElec   +            (no cloak)
rCorr   .            (no gloves)
SInv    .            h - +0 pair of boots
Will    ++...        (no amulet) Stlth
                     (no ring)
HPRegen 1.29/turn    (no ring)
MPRegen 0.11/turn

%: no passive effects
@: about to teleport, strong-willed (expiring), corroded, on berserk cooldown,
regenerating (expiring), slowed, very slow
A: sickness immunity, AC +6, negative energy resistance 1, electricity
resistance, torment resistance 1, petrification resistance
a: Renounce Religion, Berserk, Trog's Hand


You were on level 8 of the Dungeon.
You worshipped Trog.
Trog was most pleased with you.
You visited 1 branch of the dungeon, and saw 8 of its levels.

You collected 613 gold pieces.
You spent 255 gold pieces at shops.

Inventory:

Hand Weapons
 g - a +0 war axe
 q - a +2 flail of draining
 w - a +1 hand axe of venom (weapon)
Missiles
 e - 8 curare-tipped darts (quivered)
 j - 10 poisoned darts
 l - 4 throwing nets
Armour
 h - a +0 pair of boots (worn)
 i - a +0 helmet (worn)
 s - a +0 plate armour (worn)
Jewellery
 r - a +4 ring of protection
Wands
 t - a wand of mindburst (37)
 u - a wand of charming (13)
Scrolls
 d - 8 scrolls of teleportation
 n - 2 scrolls of identify
 o - 2 scrolls of enchant weapon
 p - 4 scrolls of poison
 v - a scroll of summoning
Potions
 b - a potion of might
 c - a potion of enlightenment {unknown}
 k - 6 potions of heal wounds {unknown}
 m - a potion of haste {unknown}


   Skills:
 + Level 7.3 Fighting
 + Level 9.4 Axes
 + Level 0.5 Throwing
 + Level 7.5 Armour
 + Level 3.0 Dodging
 + Level 1.1 Stealth


You had 8 spell levels left.
You didn't know any spells.
Your spell library was empty.

Dungeon Overview and Level Annotations

Branches:
Dungeon (8/15)             Temple (0/1) D:4
   Lair: D:8-11

Altars:
Elyvilon
Makhleb
Okawaru

Shops:
D:1 :   D:2 :?(   D:5 *


Innate Abilities, Weirdness & Mutations

You are immune to sickness and miasma.
Your stone body is resilient. (AC +6)
You are immune to poison.
You resist negative energy. (rN+)
You are resistant to electric shocks. (rElec)
You are resistant to unholy torment.
You are immune to petrification.


Message History

Things that are here:
a +1 glaive of venom; a +0 animal skin; the gnoll corpse of Grum You closely miss the orc.
Your punch misses the orc. The orc hits you but does no damage.
An acid dragon comes into view.
You hit the orc.
The orc is poisoned.
The orc is moderately wounded.
The orc hits you but does no damage.
You slash the orc!
You kill the orc!
Trog accepts your kill. The acid dragon spits acid at you.
The splash of acid hits you. The acid corrodes you!
Found a scroll labelled PUBRIO DUDIJO.
You see here a +0 club.
Unknown command.
You slash the acid dragon!
The acid dragon is moderately wounded.
The acid dragon bites you!
The acid dragon claws you but does no damage.
You barely miss the acid dragon.
The acid dragon is moderately wounded.
The acid dragon closely misses you. The acid dragon barely misses you.
You closely miss the acid dragon.
The acid dragon is moderately wounded.
The acid dragon spits acid at you. The splash of acid hits you!
The acid corrodes you! The acid dragon spits acid at you.
The splash of acid hits you!
* * * LOW HITPOINT WARNING * * *
You feel better.
You feel the effects of Trog's Hand fading.
The acid dragon bites you. The acid dragon barely misses you.
As you read the scroll of teleportation, it crumbles to dust.
You feel strangely unstable. The acid dragon spits acid at you.
The splash of acid hits you!!
* * * LOW HITPOINT WARNING * * *
The acid corrodes you! The acid dragon bites you!
You die...

************* **,,,,,*,.,,,**
*,,,,,,,,?.,,,** #####
,,,,,,,,,...,,,* ##...##
,,,,,,,,,....,<#########.....##
,,,,,,,,,.....,#@.............#
,,,,,,,,,......#D..(..........###
,,,,,,,,,.......))...............
,,,,,,,,,......##...####.....####
*,,,,,,,,.......#.### ##.....###
**,,,,,*,....#*...# #........##
********####*##..#####..........
##..##............
#..##.##.........


You could see an acid dragon (catching breath).

Vanquished Creatures
  A hornet (D:8)
  Prince Ribbit (D:6)
  Grum (D:8)
  Duvessa (D:7)
  3 orc warriors
  4 sky beasts
  2 wolves (D:8)
  3 ice beasts
  An ogre (D:4)
  A bullfrog (D:6)
  A gnoll sergeant (D:7)
  2 scorpions
  5 wights (D:8)
  Dowan (D:7)
  A howler monkey (D:5)
  A jelly (D:5)
  2 orc priests
  4 hounds
  2 gnoll boudas
  An iguana (D:2)
  3 sleepcaps
  Jessica (D:2)
  An orc wizard (D:5)
  Natasha (D:3)
  A mummy (D:7)
  11 gnolls
  8 adders
  3 shadow imps
  A white imp (D:8)
  3 ufetubi (D:4)
  5 worms
  A dart slug (D:4)
  36 orcs
  5 endoplasms
  6 giant cockroaches
  3 goblins
  5 hobgoblins
  4 jackals (D:2)
  9 kobolds
  2 quokkas (D:3)
  7 ball pythons
  5 bats
  5 frilled lizards
  2 hobgoblin zombies (D:7)
  A kobold zombie (D:7)
  An orc zombie (D:7)
  9 rats
177 creatures vanquished.

Notes
Turn   | Place    | Note
-------+----------+-------------------------------------------
     0 | D:1      | Gargoyl the Gargoyle Berserker began the quest for the Orb.
     0 | D:1      | Reached XP level 1. HP: 14/14 MP: 1/1
   197 | D:1      | Reached XP level 2. HP: 17/19 MP: 2/2
   361 | D:1      | Reached skill level 3 in Axes
   369 | D:1      | Found Efasog's Book Shop.
   877 | D:2      | Reached XP level 3. HP: 17/24 MP: 3/3
   951 | D:2      | Found a faded altar of an unknown god.
   969 | D:2      | Noticed Jessica
   972 | D:2      | Reached ** piety under Trog
   978 | D:2      | Killed Jessica
   979 | D:2      | Reached XP level 4. HP: 29/29 MP: 4/4
  1167 | D:2      | Found a burning altar of Makhleb.
  1201 | D:2      | Reached skill level 4 in Axes
  1391 | D:2      | Found Ogouc's Antique Weapon Emporium.
  1503 | D:2      | Found Dasigon's Magic Scroll Shoppe.
  1507 | D:2      | Bought 2 scrolls of teleportation for 72 gold pieces
  1606 | D:2      | Found Sofomp's Book Shoppe.
  1671 | D:3      | Reached XP level 5. HP: 24/33 MP: 5/5
  1789 | D:3      | Noticed Natasha
  1799 | D:3      | Killed Natasha
  2632 | D:4      | Found a white marble altar of Elyvilon.
  2658 | D:4      | Found an iron altar of Okawaru.
  2809 | D:4      | You fall into a shaft and drop 1 floor!
  2809 | D:5      | Entered Level 5 of the Dungeon
  2825 | D:5      | Reached XP level 6. HP: 38/38 MP: 6/6
  3057 | D:5      | Reached skill level 5 in Axes
  3080 | D:5      | Reached XP level 7. HP: 34/44 MP: 7/7
  3188 | D:5      | Found Jeiti's Serpentskin Sales.
  3206 | D:5      | Bought 3 curare-tipped darts for 39 gold pieces
  3206 | D:5      | Bought 2 poisoned darts for 13 gold pieces
  3206 | D:5      | Bought 3 poisoned darts for 19 gold pieces
  3206 | D:5      | Bought 5 poisoned darts for 33 gold pieces
  3206 | D:5      | Bought 6 curare-tipped darts for 79 gold pieces
  3296 | D:4      | Reached *** piety under Trog
  3414 | D:4      | Reached skill level 6 in Axes
  3771 | D:4      | Found a staircase to the Ecumenical Temple.
  3896 | D:5      | Reached skill level 5 in Fighting
  3896 | D:5      | Reached skill level 5 in Armour
  3896 | D:5      | Reached XP level 8. HP: 38/49 MP: 8/8
  4733 | D:6      | Reached skill level 7 in Axes
  5231 | D:7      | Reached skill level 1 in Stealth
  5286 | D:7      | Noticed Dowan
  5287 | D:7      | Noticed Duvessa
  5297 | D:7      | Killed Duvessa
  5306 | D:7      | Noticed Prince Ribbit
  5364 | D:6      | Killed Prince Ribbit
  5365 | D:6      | Reached XP level 9. HP: 49/56 MP: 9/9
  5538 | D:7      | Killed Dowan
  5547 | D:7      | Reached skill level 8 in Axes
  5974 | D:8      | Noticed a hornet
  5981 | D:8      | Killed a hornet
  6322 | D:8      | Noticed Grum
  6329 | D:8      | Reached skill level 9 in Axes
  6333 | D:8      | Killed Grum
  6349 | D:8      | Mangled by an acid dragon

Illustrated notes

Levels and vault maps discovered:
D:1:      dreamdust_arrival_sigmund_warning, layout_basic, serial_shops,
          nicolae_shop_real_fake_doors
D:2:      layout_basic, hellmonk_ecumenical_altar_blasted, serial_shops,
          nicolae_shop_back_alley_shop, shop, nicolae_shop_tiny_waterfront,
          basic_altar, uniq_jessica
D:3:      layout_loops_corners, cheibrodos_sewer_entry_drain,
          minmay_pentomino_pile, uniq_natasha
D:4:      layout_loops_ring, mainiacjoe_overflow_large_starburst,
          minmay_temple_entry_junction, chequers_jeans, reono_crystal_passage,
          chequers_serial_rivers_micro_d
D:5:      layout_basic, st_stairs_10, dreamdust_mushroom_princess,
          guppyfry_shop_venom
D:6:      layout_cave_pools
D:7:      lemuel_ice_spiral_2, layout_rooms, minmay_mini_ossuary,
          uniq_prince_ribbit1, uniq_duvessa
D:8:      layout_rooms, uniq_grum

Skill      XL: |  1  2  3  4  5  6  7  8  9 |
---------------+----------------------------+-----
Axes           | 3 4 5 6 7 9 |  9.4
Fighting       | 4 5 6 7 |  7.3
Dodging        | 2 3 |  3.0
Armour         | 3 5 6 7 |  7.5
Stealth        | 1 |  1.1
Throwing       | |  0.5

Action                     |  1- 3 |  4- 6 |  7- 9 || total
---------------------------+-------+-------+-------++-------
  Melee: Hand axe          |    75 |   211 |   389 ||   675
         Punch             |       |     1 |     5 ||     6
  Throw: Dart              |       |       |     4 ||     4
 Invoke: Berserk           |     1 |     5 |    11 ||    17
         Trog's Hand       |       |     3 |     6 ||     9
    Use: Scroll            |     1 |     8 |     7 ||    16
         Potion            |       |     1 |     1 ||     2
   Stab: Sleeping          |       |     1 |       ||     1
 Armour: Animal skin       |    54 |    34 |       ||    88
         Chain mail        |       |    70 |   124 ||   194
         Skin              |       |    12 |       ||    12
         Plate armour      |       |       |   109 ||   109
  Dodge: Dodged            |    69 |   108 |   164 ||   341

Table legend: (Time is in decaauts)
 A = Elapsed time spent in this place.
 B = Non-inter-level travel time spent in this place.
 C = Inter-level travel time spent in this place.
 D = Time resting spent in this place.
 E = Time spent auto-exploring this place.
 F = Levels seen in this place.
 G = Mean time per level.
                   A        B        C        D        E       F      G
               +--------+--------+--------+--------+--------+-----+--------+
         Total |   6496 |   6232 |    264 |     79 |   4545 |   8 |  812.0 |
       Dungeon |   6496 |   6232 |    264 |     79 |   4545 |   8 |  812.0 |
               +--------+--------+--------+--------+--------+-----+--------+

Top non-repeatable levels by time:
     D:5: 1140 daAuts
     D:3: 1031 daAuts
     D:1: 877 daAuts
     D:4: 799 daAuts
     D:2: 780 daAuts
     D:6: 777 daAuts
     D:7: 644 daAuts
     D:8: 444 daAuts
